 Dungeon Crawl Stone Soup version 0.26.1-11-gd32895ea62 (webtiles) character file.

Game seed: 16562594516211844177

379 Aurelianolast the Chucker (level 6, -6/47 HPs)
             Began as a Gnoll Wanderer on July 16, 2021.
             Mangled by an ice beast (15 damage)
             ... on level 4 of the Dungeon.
             The game lasted 00:20:09 (3996 turns).

Aurelianolast the Chucker (Gnoll Wanderer)          Turns: 3996, Time: 00:20:09

Health: -6/47      AC: 10    Str: 19    XL:     6   Next: 74%
Magic:  11/11      EV:  9    Int: 12    God:
Gold:   218        SH:  0    Dex: 14    Spells: 12/12 levels left

rFire    . . .     SeeInvis .   a - +3 short sword {as}
rCold    . . .     Faith    .   (no shield)
rNeg     . . .     Spirit   .   A - +0 chain mail
rPois    .         Reflect  .   (no helmet)
rElec    .         Harm     +   B - scarf {harm}
rCorr    .         Rampage  .   (no gloves)
Will     .....                  g - +1 pair of boots
Stlth    ..........             (no amulet)
HPRegen  0.15/turn              (no ring)
MPRegen  0.12/turn              (no ring)

@: no status effects
A: distributed training, fangs 1, strong nose
a: no special abilities


You were on level 4 of the Dungeon.
You visited 1 branch of the dungeon, and saw 4 of its levels.
You also visited: Sewer.

You collected 218 gold pieces.

Inventory:

Hand Weapons
 a - a +3 short sword (weapon) {as}
 v - a +0 whip of electrocution
 w - a +1 hunting sling of flaming
 y - a +1 flail of protection
 z - a +0 hunting sling
Missiles
 e - 18 poisoned darts (quivered)
Armour
 g - a +1 pair of boots (worn)
 j - a +0 ring mail
 A - a +0 chain mail (worn)
 B - a scarf of harm (worn)
Scrolls
 c - 2 scrolls of teleportation
 d - a scroll of enchant weapon {unknown}
 k - 2 scrolls of enchant armour {unknown}
 l - 2 scrolls of immolation {unknown}
 m - 6 scrolls of identify {unknown}
 p - a scroll of fear {unknown}
 q - a scroll of random uselessness {unknown}
 t - 4 scrolls of amnesia {unknown}
 u - 2 scrolls of fog {unknown}
 C - a scroll of remove curse {unknown}
Potions
 b - 6 potions of curing
 f - 3 potions of brilliance {unknown}
 h - 2 potions of lignification {unknown}
 i - a potion of degeneration {unknown}
 n - 3 potions of flight {unknown}
 o - 9 potions of heal wounds {unknown}
 r - 2 potions of cancellation {unknown}
 s - a potion of attraction {unknown}
 x - a potion of haste {unknown}


   Skills:
 + Level 3.3 Fighting
 + Level 3.3 Short Blades
 + Level 2.1 Long Blades
 + Level 2.1 Axes
 + Level 2.1 Maces & Flails
 + Level 2.1 Polearms
 + Level 2.1 Staves
 + Level 2.1 Slings
 + Level 2.1 Bows
 + Level 2.1 Crossbows
 + Level 5.0 Throwing
 + Level 2.1 Armour
 + Level 3.3 Dodging
 + Level 2.1 Stealth
 + Level 2.1 Shields
 + Level 2.1 Unarmed Combat
 + Level 3.5 Spellcasting
 + Level 1.6 Conjurations
 + Level 1.6 Hexes
 + Level 1.6 Summonings
 + Level 4.1 Necromancy
 + Level 1.6 Translocations
 + Level 1.6 Transmutations
 + Level 1.6 Fire Magic
 + Level 1.6 Ice Magic
 + Level 1.6 Air Magic
 + Level 1.6 Earth Magic
 + Level 4.1 Poison Magic
 + Level 2.3 Invocations
 + Level 2.1 Evocations


You had 12 spell levels left.
You didn't know any spells.
Your spell library contained the following spells:

 Spells                   Type           Power        Failure   Level
 Sting                    Tmut/Pois      36%          65%         1
 Poisonous Vapours        Pois/Air       18%          80%         2
 Foxfire                  Conj/Fire      24%          83%         1
 Ignite Poison            Fire/Tmut/Pois 8%           97%         3
 Mephitic Cloud           Conj/Pois/Air  8%           97%         3
 Conjure Flame            Conj/Fire      6%           99%         3
 Olgreb's Toxic Radiance  Pois           12%          99%         4


Dungeon Overview and Level Annotations

Branches:
Dungeon (4/15)              Sewer (visited)
 Temple: D:4-7

Altars:


Innate Abilities, Weirdness & Mutations

Your experience applies equally to all skills.
You have very sharp teeth.
Your uncanny sense of smell can sniff out nearby items.


Message History

You are too injured to fight recklessly!
You are too injured to fight recklessly!
You are too injured to fight recklessly!
You hit the ice beast but do no damage.
The ice beast is moderately wounded.
The ice beast hits you but does no damage.
You hit the ice beast.
You bite the ice beast, but do no damage.
The ice beast is moderately wounded.
The ice beast hits you but does no damage.
You hit the ice beast.
The ice beast is moderately wounded.
You closely miss the ice beast.
The ice beast is moderately wounded.
The ice beast hits you. The ice beast freezes you!
* * * LOW HITPOINT WARNING * * *
You feel better. The ice beast hits you.
* * * LOW HITPOINT WARNING * * *
The ice beast freezes you!
You die...

# #. ## .......
#.#.... .......
.....#. .......
....>.. .......
.......##.......
.........# ........#[#
...(...^#Y# . ##
#.......@####.# #.
#..#.........# #.
............## #.
....##.......# ####
....###.###### ####.#
.............#
...#.#..#
....########.#
..##.#..# ..
########.####.##.#..##
............#.##.#....


You could see an ice beast.

Vanquished Creatures
  Purgy (D:3)
  2 big kobolds (Sewer)
  2 adders
  A river rat (D:3)
  3 worms (D:2)
  2 dart slugs (D:1)
  2 leopard geckos
  12 orcs
  8 bats
  9 giant cockroaches
  4 goblins (D:1)
  4 hobgoblins
  3 jackals (D:4)
  19 kobolds
  A quokka (D:3)
  7 ball pythons
  A leopard gecko skeleton (D:4)
  11 rats
92 creatures vanquished.

Vanquished Creatures (others)
  13 plants
13 creatures vanquished.

Grand Total: 105 creatures vanquished

Notes
Turn   | Place    | Note
-------+----------+-------------------------------------------
     0 | D:1      | Aurelianolast the Gnoll Wanderer began the quest for the
                  | Orb.
     0 | D:1      | Aurelianolast set off with the following items: a +0 club,
                  | a scroll of teleportation, a +0 robe; and the following
                  | spells available to memorise: Sting, Poisonous Vapours,
                  | Foxfire, Ignite Poison, Mephitic Cloud, Olgreb's Toxic
                  | Radiance, Conjure Flame
     0 | D:1      | Reached XP level 1. HP: 17/17 MP: 4/4
   404 | D:1      | Reached XP level 2. HP: 22/23 MP: 5/5
   712 | D:1      | Reached XP level 3. HP: 28/28 MP: 7/7
  1236 | D:2      | Reached skill level 1 in Invocations
  1541 | D:2      | Reached skill level 1 in Long Blades
  1541 | D:2      | Reached skill level 1 in Axes
  1541 | D:2      | Reached skill level 1 in Maces & Flails
  1541 | D:2      | Reached skill level 1 in Polearms
  1541 | D:2      | Reached skill level 1 in Staves
  1541 | D:2      | Reached skill level 1 in Slings
  1541 | D:2      | Reached skill level 1 in Bows
  1541 | D:2      | Reached skill level 1 in Crossbows
  1541 | D:2      | Reached skill level 1 in Armour
  1541 | D:2      | Reached skill level 1 in Stealth
  1541 | D:2      | Reached skill level 1 in Shields
  1541 | D:2      | Reached skill level 1 in Unarmed Combat
  1541 | D:2      | Reached skill level 1 in Evocations
  1707 | D:2      | Reached XP level 4. HP: 34/34 MP: 8/8
  2548 | D:3      | Reached skill level 1 in Conjurations
  2548 | D:3      | Reached skill level 1 in Hexes
  2548 | D:3      | Reached skill level 1 in Summonings
  2548 | D:3      | Reached skill level 1 in Translocations
  2548 | D:3      | Reached skill level 1 in Transmutations
  2548 | D:3      | Reached skill level 1 in Fire Magic
  2548 | D:3      | Reached skill level 1 in Ice Magic
  2548 | D:3      | Reached skill level 1 in Air Magic
  2548 | D:3      | Reached skill level 1 in Earth Magic
  2558 | D:3      | Found a glowing drain.
  2597 | Sewer    | Entered a sewer
  2665 | Sewer    | Noticed a big kobold
  2690 | Sewer    | Killed a big kobold
  2691 | Sewer    | Reached XP level 5. HP: 10/41 MP: 9/9
  3040 | Sewer    | Noticed a big kobold
  3055 | Sewer    | Killed a big kobold
  3056 | Sewer    | Reached XP level 6. HP: 47/47 MP: 9/11
  3433 | D:3      | Noticed Purgy
  3453 | D:3      | Killed Purgy
  3454 | D:3      | Reached skill level 5 in Throwing
  3977 | D:4      | Noticed an ice beast
  3996 | D:4      | Mangled by an ice beast

Illustrated notes

Levels and vault maps discovered:
D:1:      nagdon_arrival_zigzag_paths, layout_loops_ring
D:2:      layout_rooms, serial_bayou, serial_bayou_lagoon_a,
          serial_bayou_pond_c, serial_bayou_ford_a, serial_bayou_crossing,
          serial_bayou_shore_b
D:3:      layout_loops_cross, portal_sewer_entry_e, uniq_purgy
D:4:      layout_basic, marbit_many_paths,
          grunt_temple_overflow_gold_and_silver, serial_shops,
          nicolae_shop_behind_doors, serial_bayou_pond_a

Skill      XL: |  1  2  3  4  5  6 |
---------------+-------------------+-----
Invocations    | 1 2 |  2.3
Long Blades    | 1 2 |  2.1
Axes           | 1 2 |  2.1
Maces & Flails | 1 2 |  2.1
Polearms       | 1 2 |  2.1
Staves         | 1 2 |  2.1
Slings         | 1 2 |  2.1
Bows           | 1 2 |  2.1
Crossbows      | 1 2 |  2.1
Armour         | 1 2 |  2.1
Stealth        | 1 2 |  2.1
Shields        | 1 2 |  2.1
Unarmed Combat | 1 2 |  2.1
Evocations     | 1 2 |  2.1
Spellcasting   | 3 |  3.5
Conjurations   | 1 |  1.6
Hexes          | 1 |  1.6
Summonings     | 1 |  1.6
Translocations | 1 |  1.6
Transmutations | 1 |  1.6
Fire Magic     | 1 |  1.6
Ice Magic      | 1 |  1.6
Air Magic      | 1 |  1.6
Earth Magic    | 1 |  1.6
Fighting       | 3 |  3.3
Short Blades   | 3 |  3.3
Dodging        | 3 |  3.3
Necromancy     | 4 |  4.1
Poison Magic   | 4 |  4.1
Throwing       | 5 |  5.0

Action                   |  1- 3 |  4- 6 || total
-------------------------+-------+-------++-------
Melee: Club              |    44 |       ||    44
       Bite              |    19 |    28 ||    47
       Dagger            |    32 |       ||    32
       Short sword       |    60 |   256 ||   316
Throw: Dart              |     7 |     1 ||     8
  Use: Potion            |       |     2 ||     2
Armor: Robe              |    11 |       ||    11
       Ring mail         |    36 |    83 ||   119
       Chain mail        |       |    12 ||    12
Dodge: Dodged            |   105 |   152 ||   257
